 Dungeon Crawl Stone Soup version 0.29-a0-72-g1732ff48e7 (webtiles) character file.

Game seed: 17263717131641570263

327 bande the Covered (level 6, -6/38 HPs)
             Began as a Gargoyle Fighter on Feb 4, 2022.
             Mangled by Duvessa (17 damage)
             ... on level 4 of the Dungeon.
             The game lasted 00:06:35 (3011 turns).

bande the Covered (Gargoyle Fighter)                Turns: 3011, Time: 00:06:36

Health: -6/38      AC: 21    Str: 20    XL:     6   Next: 50%
Magic:  15/15      EV:  7    Int:  8    God:
Gold:   169        SH:  4    Dex: 11    Spells: 5/5 levels left

rFire   . . .      SeeInvis .   a - +1 war axe (protect)
rCold   + . .      Faith    .   c - +0 buckler
rNeg    + . .      Spirit   .   g - +0 chain mail
rPois   ∞          Reflect  .   (no helmet)
rElec   +          Harm     .   h - scarf {repulsion}
rCorr   .          Rampage  .   (no gloves)
Will    .....                   (no boots)
Stlth   ..........              (no amulet)
HPRegen 0.12/turn               l - ring of the Thieving Enemy {rC+ MP+9}
MPRegen 0.14/turn               (no ring)

@: lit by a corona, under a protective aura, glowing, repel missiles
A: sickness immunity, AC +4, negative energy resistance 1, electricity
resistance, torment resistance 1, petrification resistance
a: no special abilities


You were on level 4 of the Dungeon.
You visited 1 branch of the dungeon, and saw 4 of its levels.

You collected 169 gold pieces.

Inventory:

Hand Weapons
 a - a +1 war axe of protection (weapon)
 f - a +0 flail
Missiles
 i - a throwing net (quivered)
Armour
 c - a +0 buckler (worn)
 g - a +0 chain mail (worn)
 h - a scarf of repulsion (worn)
Jewellery
 l - the ring of the Thieving Enemy (left hand) {rC+ MP+9}
   (You found it on level 2 of the Dungeon)

   [ring of magical power]

   rC:        It protects you from cold.
   MP:        It affects your magic capacity (+9).
Wands
 e - a wand of flame (2)
Potions
 b - a potion of lignification {unknown}
 d - 2 potions of might
 j - 5 potions of flight
 k - a potion of cancellation
 m - a potion of brilliance


   Skills:
 + Level 4.2 Fighting
 + Level 4.2 Axes
 + Level 4.5 Armour
 + Level 4.0 Shields
 * Level 1.3 Evocations


You had 5 spell levels left.
You didn't know any spells.
Your spell library contained the following spells:

 Spells                   Type           Power      Damage    Failure   Level
 Pain                     Necr           0%         1d4       99%         1
 Frozen Ramparts          Ice            0%         1d2       100%        3
 Gell's Gravitas          Tloc           0%         N/A       100%        3
 Lesser Beckoning         Tloc           0%         N/A       100%        3
 Teleport Other           Tloc           0%         N/A       100%        3
 Ice Form                 Ice/Tmut       0%         N/A       100%        4
 Summon Ice Beast         Ice/Summ       0%         N/A       100%        4
 Agony                    Necr           0%         N/A       100%        5
 Excruciating Wounds      Necr           0%         N/A       100%        5


Dungeon Overview and Level Annotations

Branches:
Dungeon (4/15)
 Temple: D:4-7

Altars:

Annotations:
D:4 Duvessa


Innate Abilities, Weirdness & Mutations

You are immune to sickness and miasma.
Your stone body is resilient. (AC +4)
You are immune to poison.
You resist negative energy. (rN+)
You are resistant to electric shocks. (rElec)
You are resistant to unholy torment.
You are immune to petrification.


Message History

Duvessa is moderately wounded.
You barely miss Dowan. You block Dowan's attack.
Duvessa hits you but does no damage. You block Dowan's attack.
You closely miss Duvessa.
Duvessa is moderately wounded.
You closely miss Dowan. You block Duvessa's attack.
Dowan hits you with a +0 dagger. Duvessa barely misses you.
Unknown command.
You barely miss Duvessa.
Duvessa is moderately wounded.
You barely miss Dowan. Dowan hits you but does no damage.
Duvessa gestures with her weapon.
Duvessa hits you but does no damage.
You barely miss Duvessa.
Duvessa is moderately wounded.
You slash Dowan!
You kill Dowan!
Duvessa screams in rage.
Duvessa goes berserk!
Duvessa hits you but does no damage. Duvessa hits you with a +0 rapier.
You completely miss Duvessa.
Duvessa is moderately wounded.
Duvessa barely misses you. Duvessa hits you with a +0 rapier!
You slash Duvessa!
Duvessa is heavily wounded.
Duvessa hits you with a +0 rapier. x2
You closely miss Duvessa.
Duvessa is heavily wounded.
You block Duvessa's attack. Duvessa closely misses you.
You slash Duvessa!
Duvessa is severely wounded.
Duvessa hits you but does no damage. Duvessa hits you with a +0 rapier.
* * * LOW HITPOINT WARNING * * *
You barely miss Duvessa.
Duvessa is severely wounded.
Duvessa closely misses you. Duvessa hits you but does no damage.
You slash Duvessa!
Duvessa is almost dead.
Duvessa hits you with a +0 rapier!
You die...

.........#...........#.(#** *,,**
.......##...............## *,***
....#..##.....#..........#***,,,,
###.#..##......e.##........#*,*,,
##.###.##.....e.###.####.....,,*,
..........###.#####.# *##...,***
.............##..#..## **,.#**,*
##.##.#..............###*,,,.*,,,
##,*###.....#..e@)......*,,,,,,,,
**,* #....##<.##...#...,,,,,,,,,
,,,***##..#.....#...#*,,,,,,,,,,,
..,,,* ##.#....##....#**,,,>,,,,,
..,,,***#.......,....#*,,,,,,,,,,
*#,*,,,,.:.........###*,,,,,,*,,,
#,**,,..............*,,,**,,,*,,,
...,,,..............**,****,,,,,,
...,,,..............,*,,* *,,,,,,


You could see Duvessa (berserk).

Vanquished Creatures
  An ogre (D:3)
  Dowan (D:4)
  Natasha (thrice) (D:2)
  Terence (D:2)
  2 adders
  3 worms
  2 orcs
  5 endoplasms
  15 goblins
  5 hobgoblins
  8 jackals (D:2)
  6 kobolds
  3 quokkas
  3 ball pythons
  10 bats
  5 frilled lizards
  4 rats
77 creatures vanquished.

Notes
Turn   | Place    | Note
-------+----------+-------------------------------------------
     0 | D:1      | bande the Gargoyle Fighter began the quest for the Orb.
     0 | D:1      | Reached XP level 1. HP: 14/14 MP: 1/1
   182 | D:1      | Reached XP level 2. HP: 19/19 MP: 2/2
   197 | D:1      | Found a faded altar of an unknown god.
   850 | D:2      | Identified the ring of the Thieving Enemy {rC+ MP+9}
   947 | D:2      | Reached XP level 3. HP: 24/24 MP: 3/3
   979 | D:2      | Noticed Natasha
   984 | D:2      | Killed Natasha
   984 | D:2      | Noticed Terence
   987 | D:2      | Reached XP level 4. HP: 14/29 MP: 4/4
   994 | D:2      | Killed Terence
  1940 | D:2      | Noticed Natasha
  1946 | D:2      | Killed Natasha
  1947 | D:2      | Reached XP level 5. HP: 28/33 MP: 5/5
  1968 | D:2      | Noticed Natasha
  1977 | D:2      | Killed Natasha
  2464 | D:3      | Noticed an ogre
  2473 | D:3      | Killed an ogre
  2474 | D:3      | Reached skill level 1 in Evocations
  2474 | D:3      | Reached XP level 6. HP: 28/38 MP: 6/6
  2972 | D:4      | Noticed Duvessa
  2972 | D:4      | Noticed Dowan
  3005 | D:4      | Killed Dowan
  3011 | D:4      | Mangled by Duvessa

Illustrated notes

Levels and vault maps discovered:
D:1:      dpeg_arrival_rooms_c, layout_basic, hellmonk_ecumenical_altar_lost_god
D:2:      layout_loops_ring, uniq_terence, uniq_natasha
D:3:      layout_loops_cross, st_stairs_5, mrwooster_statue_mirror,
          minmay_ogre_servants
D:4:      layout_cave_pools, lemuel_coloured_pillars_altar,
          kennysheep_generic_room_8, uniq_duvessa

Skill      XL: |  1  2  3  4  5 |
---------------+----------------+-----
Axes           | 2 3 4 |  4.2
Armour         | 4 |  4.5
Shields        | 4 |  4.0
Fighting       | 4 |  4.2
Evocations     | 1 |  1.3

Action                   |  1- 3 |  4- 6 || total
-------------------------+-------+-------++-------
Melee: War axe           |    93 |   136 ||   229
  Use: Scroll            |     5 |     4 ||     9
Armor: Scale mail        |    87 |     5 ||    92
       Chain mail        |       |    97 ||    97
Dodge: Dodged            |    58 |    54 ||   112
Block: Buckler           |    28 |    21 ||    49

Table legend: (Time is in decaauts)
 A = Elapsed time spent in this place.
 B = Non-inter-level travel time spent in this place.
 C = Inter-level travel time spent in this place.
 D = Time resting spent in this place.
 E = Time spent auto-exploring this place.
 F = Levels seen in this place.
 G = Mean time per level.
                   A        B        C        D        E       F      G
               +--------+--------+--------+--------+--------+-----+--------+
         Total |   3123 |   3059 |     64 |    426 |   1899 |   4 |  780.8 |
       Dungeon |   3123 |   3059 |     64 |    426 |   1899 |   4 |  780.8 |
               +--------+--------+--------+--------+--------+-----+--------+

Top non-repeatable levels by time:
     D:2: 1445 daAuts
     D:1: 851 daAuts
     D:3: 705 daAuts
     D:4: 120 daAuts
